 Dungeon Crawl Stone Soup version 0.31.0-11-ge490571c62 (webtiles) character file.

Game seed: 3611346426708031097

81 qw the Shooter (level 4, 0/22 HPs)
             Began as a Spriggan Hunter on Feb 4, 2024.
             Succumbed to their own poison gas
             ... on level 2 of the Dungeon.
             The game lasted 00:00:06 (2103 turns).

qw the Shooter (Spriggan Hunter)                    Turns: 2103, Time: 00:00:07

Health: 0/22       AC:  2    Str:  7    XL:     4   Next: 19%
Magic:  5/5        EV: 19    Int: 10    God:
Gold:   134        SH:  5    Dex: 20    Spells: 3/3 levels left

rFire   . . .        a - +0 shortbow
rCold   . . .        (shield currently unavailable)
rNeg    . . .        c - +0 robe
rPois   .            (helmet restricted)
rElec   .            (no cloak)
rCorr   +            (gloves unavailable)
SInv    +            (boots unavailable)
Will    .....        g - amulet of reflection
Stlth   ++           l - ring of resist corrosion
HPRegen 0.23/turn    (no ring)
MPRegen 0.09/turn

%: reflection
@: lethally poisoned (0 -> -30), very quick
A: very small, no large weapons, unfitting armour, see invisible, speed 3
a: no special abilities


You were on level 2 of the Dungeon.
You visited 1 branch of the dungeon, and saw 2 of its levels.

You collected 134 gold pieces.


Innate Abilities, Weirdness & Mutations

You are very small and have problems with some larger weapons.
You are too small for most types of armour.
You have supernaturally acute eyesight. (SInv)
You cover ground extremely quickly. (Speed+++)


   Skills:
 - Level 1.5 Fighting
 - Level 5.0 Ranged Weapons
 + Level 4.5 Dodging
 - Level 1.5 Stealth


You had 3 spell levels left.
You didn't know any spells.
Your spell library was empty.

Inventory:

Hand Weapons
 a - a +0 shortbow (weapon)
Armour
 c - a +0 robe (worn)
Jewellery
 g - an amulet of reflection (around neck)
 l - a ring of resist corrosion (left hand)
Potions
 d - a potion of might
 e - a potion of curing
 i - a potion of degeneration {unknown}
 k - a potion of enlightenment {unknown}
 n - a potion of cancellation {unknown}

Dungeon Overview and Level Annotations

Branches:
Dungeon (2/15)

Altars:


Message History

Done waiting.
Partly explored, can't reach some places.
2098 ||| READING scroll labelled LENOAC JETUDI.
The air fills with toxic fumes!
As you read the scroll labelled LENOAC JETUDI, it crumbles to dust.
It was a scroll of poison.
Partly explored, can't reach some places.
2099 ||| READING scroll labelled GESUPS RUCIORO.
As you read the scroll labelled GESUPS RUCIORO, it crumbles to dust.
It is a scroll of identify.
2099 ||| IDENTIFYING yellow potion;
d - a potion of might Partly explored, can't reach some places.
2100 ||| READING 2 scrolls labelled BOPHOX OTASACS.
As you read the scroll labelled BOPHOX OTASACS, it crumbles to dust.
You assume a fearsome visage.
Nothing appears to happen.
It was a scroll of fear.
Partly explored, can't reach some places.
2101 ||| DROPPING scroll of fear.
You drop a scroll of fear.
Partly explored, can't reach some places.
What level of the Dungeon? (default 2, ? - help) Sorry, I don't know how to get there.
Enter note:
Enter note:
Enter note:
Enter note:
Enter note:
Enter note:
Enter note:
Enter note:
Enter note:
Enter note:
Enter note:
Enter note: You are engulfed in poison gas.
You are poisoned.
You feel very sick.
2103 ||| Stepping ~*~*~tactically~*~*~ (cloud).
You open the door.
You are engulfed in poison gas.
You are more poisoned.
You die...

#.#####.#.#..
#######............
#.......####....#..
#)#####.# #.......
#.# ### #######.
#.# #. ##¤##777 7
#. #0¤'¤7¤7¤7 #.
#¤¤@0PP¤7 #.
#¤¤¤?PP77 #.
##¤+¤P77 ## ####77
#. #. #. ########.
#........ #........


There were no monsters in sight!

Vanquished Creatures
  3 gnolls (D:2)
  An adder (D:2)
  4 ribbon worms (D:2)
  7 ball pythons
  2 giant cockroaches (D:2)
  3 goblins
  2 hobgoblins
  6 kobolds
  A bat (D:2)
  2 frilled lizards
  4 rats
35 creatures vanquished.

Notes
Turn   | Place    | Note
-------+----------+-------------------------------------------
     0 | D:1      | qw the Spriggan Hunter began the quest for the Orb.
     0 | D:1      | Reached XP level 1. HP: 10/10 MP: 2/2
     0 | D:1      | 0 ||| qw: Version: 0.3-a-160-g6735b56
     0 | D:1      | 0 ||| qw: Game counter: 4978
     0 | D:1      | 0 ||| qw: Melee chars always use a shield: true
     0 | D:1      | 0 ||| qw: God list: Okawaru
     0 | D:1      | 0 ||| qw: Allow faded altars: false
     0 | D:1      | 0 ||| qw: Do Orc after clearing Dungeon:15 true
     0 | D:1      | 0 ||| qw: Do second Lair branch before Depths: true
     0 | D:1      | 0 ||| qw: Lair rune preference: random
     0 | D:1      | 0 ||| qw: Goals: Normal
     0 | D:1      | 0 ||| PLANNING D:1-11
    78 | D:1      | Reached skill level 3 in Dodging
   323 | D:1      | Reached XP level 2. HP: 14/14 MP: 3/3
  1043 | D:1      | 1043 ||| UPGRADING to amulet of reflection.
  1048 | D:1      | 1048 ||| READING 2 scrolls labelled FIATIUS ZUWAWY.
  1049 | D:1      | 1049 ||| READING scroll labelled SYEDOS HEBREAN.
  1054 | D:1      | 1054 ||| DRINKING 2 bubbling golden potions.
  1055 | D:1      | 1055 ||| DRINKING 2 fizzy ruby potions.
  1056 | D:1      | 1056 ||| DROPPING scroll of butterflies.
  1057 | D:1      | 1057 ||| DROPPING potion of attraction.
  1058 | D:1      | 1058 ||| DROPPING scroll of revelation.
  1239 | D:2      | Reached XP level 3. HP: 16/18 MP: 4/4
  1368 | D:2      | 1368 ||| RETREEEEATING.
  1373 | D:2      | Reached skill level 5 in Ranged Weapons
  1377 | D:2      | Reached XP level 4. HP: 18/22 MP: 5/5
  1995 | D:2      | 1995 ||| UPGRADING to ring of resist corrosion.
  1996 | D:2      | 1996 ||| READING scroll labelled HIYDUSTROIFO.
  1997 | D:2      | 1997 ||| READING scroll labelled BIPHOA GEOTO.
  2098 | D:2      | 2098 ||| READING scroll labelled LENOAC JETUDI.
  2099 | D:2      | 2099 ||| READING scroll labelled GESUPS RUCIORO.
  2099 | D:2      | 2099 ||| IDENTIFYING yellow potion
  2100 | D:2      | 2100 ||| READING 2 scrolls labelled BOPHOX OTASACS.
  2101 | D:2      | 2101 ||| DROPPING scroll of fear.
  2103 | D:2      | 2103 ||| Stepping ~*~*~tactically~*~*~ (cloud).
  2103 | D:2      | Succumbed to their own poison gas

Levels and vault maps discovered:
D:1:      dpeg_cavernosity, layout_loops_corners, serial_aquarium,
          aquarium_bridge_square [aquarium_subvault_wall,
          aquarium_subvault_bridge, aquarium_subvault_bridge,
          aquarium_subvault_wall], aquarium_window_fake, aquarium_window_3,
          aquarium_view_2d, aquarium_pool_corner, minmay_heptomino_l4
D:2:      layout_basic, uniq_crazy_yiuf_cottage

Skill      XL: |  1  2  3 |
---------------+----------+-----
Dodging        | 3 4 |  4.5
Ranged Weapons | 5 |  5.0
Fighting       | |  1.5
Stealth        | |  1.5

Action                     |  1- 3 |  4- 6 || total
---------------------------+-------+-------++-------
   Fire: Shortbow          |    98 |    21 ||   119
    Use: Scroll            |     2 |     5 ||     7
         Potion            |     2 |       ||     2
 Armour: Robe              |    10 |     2 ||    12
  Dodge: Dodged            |    61 |     3 ||    64
  Block: Other             |     6 |     1 ||     7

Table legend:
 A = Non-vault XP
 B = Vault XP
 C = Vault XP percentage of total XP
 D = Non-vault monster count
 E = Vault monster count
 F = Vault count percentage of total count
                 A         B        C        D         E       F
            +---------+---------+-------+---------+---------+-------
      Total |     104 |      12 |  10.3 |      28 |       7 |  20.0
            +---------+---------+-------+---------+---------+-------
        D:1 |      15 |      12 |  44.4 |       9 |       7 |  43.8
        D:2 |      89 |       0 |   0.0 |      19 |       0 |   0.0
            +---------+---------+-------+---------+---------+-------
